 Dungeon Crawl Stone Soup version 0.17.1-3-g152610e (webtiles) character file.

15330 kaze the Cleaver (level 12, -6/94 HPs)
             Began as a Demonspawn Gladiator on Mar 31, 2016.
             Was a High Priest of Nemelex Xobeh.
             Mangled by a hill giant
             ... wielding a +0 giant club
              (28 damage)
             ... on level 11 of the Dungeon.
             The game lasted 00:29:19 (9548 turns).

kaze the Cleaver (Demonspawn Gladiator)             Turns: 9548, Time: 00:29:20

Health: -6/94      AC: 15    Str: 22 (23) XL:     12   Next: 0%
Magic:  4/4        EV: 16    Int: 10 (11) God:    Nemelex Xobeh [*****.]
Gold:   197        SH:  0    Dex: 14      Spells: 0 memorised, 13 levels left

rFire  + + +     SeeInvis .     b - +0 executioner's axe (antimagic)
rCold  + + +     Clarity  .     V - +5 ring mail "Jefuq" {*Drain +Inv rF+ rC++}
rNeg   . . .     SustAt   .     (shield currently unavailable)
rPois  +         Gourm    +     (helmet restricted)
rElec  .         Spirit   .     E - +0 cloak
rCorr  .         Warding  .     W - +0 pair of gloves
rMut   .         Stasis   .     (no boots)
MR     .....                    N - amulet of the gourmand
Stlth  ++........               q - ring of protection from cold
                                x - +2 ring of strength

@: not resistant to hostile enchantments, unstealthy
A: antennae 1, talons 1, slimy green scales 3, deformed body, deterioration 1,
fire resistance 2, low mp 1, spiny 1, strong 1, evolution 1, flame cloud
immunity
a: Triple Draw, Deal Four, Stack Five, Renounce Religion, Evoke Invisibility


You were on level 11 of the Dungeon.
You worshipped Nemelex Xobeh.
Nemelex Xobeh was extremely pleased with you.
You were not hungry.

You visited 1 branch of the dungeon, and saw 11 of its levels.

You collected 512 gold pieces.
You spent 315 gold pieces at shops.

Inventory:

Hand Weapons
 a - a +0 war axe
 b - a +0 antimagic executioner's axe (weapon)
 B - a +4 battleaxe
Missiles
 d - 4 throwing nets (quivered)
Armour
 E - a +0 cloak (worn)
 G - a cursed +0 buckler
 V - the +5 ring mail "Jefuq" (worn) {*Drain +Inv rF+ rC++}
   (You bought it in a shop on level 10 of the Dungeon)

   It protects you from fire.
   It greatly protects you from cold.
   It lets you turn invisible.
   It causes draining when unequipped.
 W - a +0 pair of gloves (worn)
Jewellery
 q - a ring of protection from cold (right hand)
 x - a +2 ring of strength (left hand)
 C - an uncursed amulet of regeneration
 N - an amulet of the gourmand (around neck)
Wands
 h - a wand of frost (22)
 m - a wand of magic darts (20)
 y - a wand of lightning (7)
 I - a wand of paralysis (15)
 K - a wand of flame (26)
 P - a wand of polymorph (8)
 Q - a wand of fireball (9)
Scrolls
 g - a scroll of vulnerability {unknown}
 p - a scroll of fog
 u - a scroll of amnesia
 v - 4 scrolls of remove curse
 w - a scroll of magic mapping
 R - 2 scrolls of recharging
 U - a scroll of fear {unknown}
Potions
 i - 2 potions of agility {unknown}
 j - 2 potions of lignification {unknown}
 r - 2 potions of poison {unknown}
 t - 2 potions of ambrosia {unknown}
 z - 2 potions of cancellation {unknown}
 A - 4 potions of invisibility {unknown}
 D - a potion of curing {unknown}
 J - 2 potions of heal wounds {unknown}
 O - 2 potions of brilliance {unknown}
Books
 o - a book of Minor Magic

   Spells                             Type                      Level
   a - Magic Dart                     Conjuration                  1
   b - Blink                          Translocation                2
   c - Call Imp                       Summoning                    2
   d - Repel Missiles                 Charms/Air                   2
   e - Slow                           Hexes                        2
   f - Conjure Flame                  Conjuration/Fire             3
   g - Mephitic Cloud                 Conjuration/Poison/Air       3
 H - a book of Enchantments

   Spells                             Type                      Level
   a - Cause Fear                     Hexes                        4
   b - Silence                        Hexes/Air                    5
   c - Deflect Missiles               Charms/Air                   6
   d - Haste                          Charms                       6
   e - Discord                        Hexes                        8
 M - a book of Changes

   Spells                             Type                      Level
   a - Beastly Appendage              Transmutation                1
   b - Sticks to Snakes               Transmutation                2
   c - Spider Form                    Transmutation/Poison         3
   d - Ice Form                       Ice/Transmutation            4
   e - Blade Hands                    Transmutation                5
Miscellaneous
 c - a plain deck of war
 f - a plain deck of escape
 s - a plain deck of destruction
 F - a plain deck of war {drawn: 3}
 L - an ornate deck of war {drawn: 3}
 S - a legendary deck of war
 T - an ornate deck of destruction {drawn: 3}
Comestibles
 e - 6 bread rations
 k - 30 fruits
 l - 3 beef jerkies
 n - a meat ration


   Skills:
 + Level 8.3 Fighting
 + Level 9.4 Axes
   Level 1.5 Bows
 + Level 2.6 Throwing
 + Level 5.6 Armour
 + Level 9.4 Dodging
 + Level 5.1 Stealth
 + Level 2.2 Shields
 + Level 2.3 Unarmed Combat
 + Level 1.4 Spellcasting
   Level 1.6 Conjurations
 + Level 4.7 Evocations


You had 13 spell levels left.
You didn't know any spells.

Dungeon Overview and Level Annotations

Branches:
Dungeon (11/15)            Temple (0/1) D:4            Lair (0/8) D:10
    Orc (0/4) D:10

Altars:
Ashenzari
Fedhas
Kikubaaqudgha
Nemelex Xobeh
Okawaru
Qazlal
Sif Muna

Shops:
D:6 [   D:10 [   D:11 [


Innate Abilities, Weirdness & Mutations

You have sharp toenails.
You are completely covered in slimy green scales (AC +4, rPois).
Your flesh is very heat resistant.
You are partially covered in sharp spines.
You are immune to clouds of flame.
You have a pair of small antennae on your head.
Armour fits poorly on your strangely shaped body.
Your body sometimes deteriorates upon taking damage.
Your magical capacity is low (-10% MP).
Your muscles are strong. (Str +2)
You evolve.


Message History

The hill giant is moderately wounded.
The hill giant is struck by your spines.
The hill giant barely misses you.
You slash the hill giant!
You claw the hill giant, but do no damage.
The hill giant is heavily wounded.
The hill giant hits you with a giant club.
The hill giant hits you with a giant club!
Your body deteriorates!
You feel weakened.
Unknown command.
You hit the hill giant but do no damage.
The hill giant is heavily wounded.
The hill giant hits you with a giant club!
* * * LOW HITPOINT WARNING * * *
You barely miss the hill giant.
The hill giant is heavily wounded.
The hill giant is struck by your spines.
The hill giant hits you with a giant club!!
You die...
Your body glows with a rainbow of weird colours and disappears.

##... ....#
..... ##
##... . .###
..# .. ....##
..# ...
......#####.#
....
..........#.#
.....
............#
##......
......C@....#
.8......
......##....#
##}.....
..... ####.#
..... ....
#..# .... ...
##..# ... ..
#...# ## #
#.[.# #>..#
##...#


You could see a hill giant.

Vanquished Creatures
  2 hill giants (D:11)
  3 ugly things (D:11)
  A fire drake (D:10)
  A wyvern (D:11)
  3 hungry ghosts
  A deep elf mage (D:10)
  A wraith (D:10)
  2 humans (D:8)
  4 fire bats (D:10)
  2 hippogriffs
  Grum (D:8)
  A water moccasin (D:9)
  4 wolves (D:8)
  A hell hound (D:10)
  An orc warrior (D:11)
  2 black bears
  3 sky beasts
  An ogre (D:6)
  A wasp (D:8)
  2 slaves (D:6)
  4 centaurs
  3 phantoms
  The ghost of Shufflesack the Magician, an amateur DrCj (D:3)
  2 big kobolds
  4 giant frogs
  A scorpion (D:5)
  A troll zombie (D:10)
  3 killer bees (D:9)
  A crimson imp (D:10)
  A lava snake (D:10)
  5 wights (D:9)
  4 iguanas
  2 orc priests
  A giant frog skeleton (D:4)
  A jelly (D:10)
  3 hounds
  A centaur skeleton (D:6)
  5 orc wizards
  A killer bee zombie (D:8)
  5 worker ants
  7 ogre zombies (D:10)
  A hound zombie (D:6)
  2 hound skeletons
  7 gnolls
  2 worker ant zombies
  10 adders
  An ooze (D:4)
  2 worms
  An adder skeleton (D:6)
  27 orcs
  9 bats
  7 goblins
  3 hobgoblins
  10 jackals
  2 quokkas (D:10)
  4 ball pythons
  5 giant cockroaches
  A giant gecko (D:2)
  3 giant newts
  A goblin skeleton (D:10)
  3 goblin zombies (D:10)
  A hobgoblin skeleton (D:10)
  5 hobgoblin zombies (D:10)
  10 kobolds
  3 orc skeletons (D:10)
  12 orc zombies (D:10)
  3 rats
  2 fire vortices (D:10)
230 creatures vanquished.

Vanquished Creatures (collateral kills)
  Erica (D:8)
  Pikel (D:6)
  The ghost of kaze the Skirmisher, a novice OgBe of Trog (D:5)
  A hippogriff (D:8)
  A slave (D:6)
  Duvessa (D:7)
  Dowan (D:7)
  2 lava snakes
  An orc wizard (D:8)
  An adder (D:3)
  A worm (D:3)
  10 orcs
  A kobold (D:3)
  A bat (D:3)
  A quokka (D:3)
25 creatures vanquished.

Vanquished Creatures (others)
  A fire vortex (D:10)
1 creature vanquished.

Grand Total: 256 creatures vanquished

Notes
Turn   | Place    | Note
--------------------------------------------------------------
     0 | D:1      | kaze the Demonspawn Gladiator began the quest for the Orb.
     0 | D:1      | Reached XP level 1. HP: 16/16 MP: 1/1
   660 | D:2      | Reached skill level 3 in Dodging
   660 | D:2      | Gained mutation: You are partially covered in sharp spines. [demonic ancestry]
   660 | D:2      | Reached XP level 2. HP: 22/22 MP: 2/2
   765 | D:2      | Found a sparkling altar of Nemelex Xobeh.
   776 | D:2      | Became a worshipper of Nemelex Xobeh the Trickster
   777 | D:2      | Noticed a vampire mosquito
  1179 | D:2      | Gained mutation: You are partially covered in slimy green scales (AC +2). [demonic ancestry]
  1179 | D:2      | Reached XP level 3. HP: 26/28 MP: 3/3
  1198 | D:2      | Received a gift from Nemelex Xobeh
  1356 | D:2      | Reached * piety under Nemelex Xobeh
  1555 | D:2      | Reached XP level 4. HP: 34/34 MP: 4/4
  1806 | D:3      | Noticed Shufflesack's ghost (amateur DrCj)
  1813 | D:3      | Killed Shufflesack's ghost
  1813 | D:3      | Reached skill level 4 in Dodging
  1813 | D:3      | Reached skill level 1 in Stealth
  1813 | D:3      | Reached XP level 5. HP: 29/39 MP: 5/5
  2073 | D:3      | Received a gift from Nemelex Xobeh
  2495 | D:4      | Reached ** piety under Nemelex Xobeh
  2525 | D:4      | Found a staircase to the Ecumenical Temple.
  2533 | D:4      | Reached skill level 1 in Armour
  2533 | D:4      | Reached skill level 1 in Evocations
  2673 | D:4      | Gained mutation: You are mostly covered in slimy green scales (AC +3). [demonic ancestry]
  2673 | D:4      | Reached XP level 6. HP: 46/46 MP: 6/6
  2871 | D:4      | Noticed a centaur
  2875 | D:4      | Killed a centaur
  3284 | D:5      | Entered Level 5 of the Dungeon
  3367 | D:5      | Found a deep blue altar of Sif Muna.
  3374 | D:5      | Noticed kaze's ghost (novice OgBe)
  3384 | D:5      | Killed kaze's ghost
  3384 | D:5      | Reached skill level 5 in Dodging
  3384 | D:5      | Gained mutation: Your flesh is heat resistant. [demonic ancestry]
  3384 | D:5      | Reached XP level 7. HP: 52/52 MP: 8/8
  3566 | D:5      | Received a gift from Nemelex Xobeh
  3584 | D:5      | Noticed a purple ugly thing
  3875 | D:6      | Found a shattered altar of Ashenzari.
  3881 | D:6      | Gained mutation: You are immune to clouds of flame. [demonic ancestry]
  3881 | D:6      | Reached XP level 8. HP: 32/60 MP: 9/9
  3886 | D:6      | Gained mutation: You have a pair of small antennae on your head. [mutagenic meat]
  3887 | D:6      | Gained mutation: You are dopey. (Int -2) [mutagenic meat]
  3888 | D:6      | Gained mutation: Your body sometimes deteriorates upon taking damage. [mutagenic meat]
  3889 | D:6      | Gained mutation: You evolve. [mutagenic meat]
  3890 | D:6      | Gained mutation: Your muscles are strong. (Str +2) [mutagenic meat]
  3921 | D:6      | Reached skill level 5 in Axes
  3965 | D:6      | Reached *** piety under Nemelex Xobeh
  3982 | D:6      | Found Ilalleez's Antique Armour Boutique.
  4060 | D:6      | Received a gift from Nemelex Xobeh
  4218 | D:6      | Noticed Pikel
  4256 | D:6      | Killed Pikel
  4256 | D:6      | Reached skill level 5 in Fighting
  4256 | D:6      | Reached skill level 6 in Dodging
  4463 | D:6      | Gained mutation: You have sharp toenails. [demonic ancestry]
  4463 | D:6      | Reached XP level 9. HP: 35/68 MP: 10/10
  4724 | D:7      | Noticed Duvessa
  4724 | D:7      | Noticed Dowan
  4728 | D:7      | Killed Dowan
  4730 | D:7      | Killed Duvessa
  5007 | D:7      | Found a stormy altar of Qazlal.
  5100 | D:7      | Received a gift from Nemelex Xobeh
  5391 | D:8      | Gained mutation: Your flesh is very heat resistant. [mutagenic meat]
  5392 | D:8      | Gained mutation: Armour fits poorly on your strangely shaped body. [mutagenic meat]
  5412 | D:8      | Noticed Erica
  5424 | D:8      | Killed Erica
  5670 | D:8      | Lost mutation: You are dopey. (Int -2) [evolution]
  5751 | D:8      | Reached **** piety under Nemelex Xobeh
  5758 | D:8      | Reached skill level 7 in Dodging
  5919 | D:8      | Noticed Grum
  5933 | D:8      | Killed Grum
  6392 | D:8      | Found an iron altar of Okawaru.
  6402 | D:8      | Reached XP level 10. HP: 49/77 MP: 12/12
  6441 | D:8      | Found a shattered altar of Ashenzari.
  6583 | D:9      | Received a gift from Nemelex Xobeh
  6702 | D:9      | XOM: divination: detect creatures
  7353 | D:9      | Reached skill level 8 in Dodging
  7392 | D:9      | Found a blossoming altar of Fedhas.
  7392 | D:9      | Found an ancient bone altar of Kikubaaqudgha.
  7632 | D:10     | Entered Level 10 of the Dungeon
  7710 | D:10     | Found a staircase to the Orcish Mines.
  7785 | D:10     | Received a gift from Nemelex Xobeh
  7803 | D:10     | Found a staircase to the Lair.
  7941 | D:10     | Found Fooh's Antique Armour Emporium.
  8007 | D:10     | Bought a twisted ring mail for 315 gold pieces
  8017 | D:10     | Identified the +5 ring mail "Jefuq" {*Drain +Inv rF+ rC++} (You bought it in a shop on level 10 of the Dungeon)
  8020 | D:10     | Identified a scroll of acquirement
  8026 | D:10     | Reached skill level 1 in Bows
  8026 | D:10     | Reached skill level 5 in Armour
  8026 | D:10     | Reached skill level 9 in Dodging
  8026 | D:10     | Reached skill level 1 in Spellcasting
  8026 | D:10     | Reached skill level 1 in Conjurations
  8026 | D:10     | Reached XP level 11. HP: 84/86 MP: 4/14
  8068 | D:10     | Found an iron altar of Okawaru.
  8092 | D:10     | Received a gift from Nemelex Xobeh
  8512 | D:10     | Reached ***** piety under Nemelex Xobeh
  8537 | D:10     | Received a gift from Nemelex Xobeh
  8759 | D:11     | Noticed a hill giant
  8770 | D:11     | Killed a hill giant
  8793 | D:11     | Reached skill level 5 in Stealth
  8797 | D:11     | Gained mutation: Your magical capacity is low (-10% MP). [mutagenic meat]
  9167 | D:11     | Noticed a hill giant
  9174 | D:11     | Killed a hill giant
  9415 | D:11     | Found Qiotemp's Antique Armour Shop.
  9483 | D:11     | Gained mutation: You are completely covered in slimy green scales (AC +4, rPois). [demonic ancestry]
  9483 | D:11     | Reached XP level 12. HP: 62/94 MP: 4/13
  9542 | D:11     | Noticed a hill giant
  9548 | D:11     | Mangled by a hill giant

Action                   |  1- 3 |  4- 6 |  7- 9 | 10-12 || total
-------------------------+-------+-------+-------+-------++-------
Melee: War axe           |    58 |    40 |       |       ||    98
       Battleaxe         |       |    33 |   136 |    76 ||   245
       Executioner's axe |       |       |       |   103 ||   103
Evoke: Deck              |     1 |    13 |    13 |     6 ||    33
  Use: Scroll            |       |    11 |     4 |     4 ||    19
       Potion            |       |       |     1 |     2 ||     3
 Stab: Sleeping          |     1 |     2 |       |     7 ||    10
  Eat: Fruit             |     1 |       |       |       ||     1
       Chunk             |     1 |     4 |    15 |    11 ||    31
       Pizza             |       |     1 |       |       ||     1
       Meat ration       |       |       |     1 |       ||     1
       Bread ration      |       |       |     1 |       ||     1
